 Dungeon Crawl Stone Soup version 0.30-a0-808-g6e0788376e (webtiles) character file.

Game seed: 11878874099599850803

2720 Jeffwins the Skirmisher (level 9, 0/85 HPs)
             Began as a Human Wanderer on Feb 26, 2023.
             Was a Follower of Okawaru.
             Slain by an orc warrior
             ... wielding a +0 hand axe
              (3 damage)
             ... in a bailey.
             The game lasted 00:10:42 (5722 turns).

Jeffwins the Skirmisher (Human Wanderer)            Turns: 5722, Time: 00:10:43

Health: 0/85       AC: 11    Str: 14    XL:     9   Next: 98%
Magic:  15/15      EV: 15    Int: 17    God:    Okawaru [*.....]
Gold:   330        SH:  5    Dex:  7    Spells: 12/16 levels left

rFire   + . .      SeeInvis .    A - +2 dagger (venom)
rCold   x . .      Faith    .    g - +1 buckler {rPois}
rNeg    + . .      Spirit   .    l - +2 ring mail {rN+}
rPois   +          Reflect  .    (no helmet)
rElec   .          Harm     .    (no cloak)
rCorr   .          Rampage  .    u - +1 pair of gloves
Will    .....                    t - +1 pair of boots "Heux Ogoz" {+Inv rC- Dex-4 Slay+5} Stlth
                                 e - amulet of the acrobat
HPRegen 0.34/turn                E - +5 ring of evasion
MPRegen 0.14/turn                F - ring of protection from fire

@: mighty, berserking, very quick
A: no striking features
a: Renounce Religion, Evoke Invisibility, Heroism


You were in a bailey.
You worshipped Okawaru.
Okawaru was aware of your devotion.
You visited 2 branches of the dungeon, and saw 8 of its levels.
You also visited: Bailey.

You collected 340 gold pieces.
You spent 10 gold pieces at shops.


   Skills:
 * Level 8.0 Ranged Weapons
 - Level 1.0 Throwing
 - Level 1.0 Dodging
 + Level 4.9 Stealth
 + Level 4.3 Shields
 + Level 4.0 Spellcasting
 + Level 3.6 Conjurations
 - Level 1.0 Summonings
 + Level 3.6 Air Magic
 + Level 3.7 Poison Magic
 + Level 3.7 Evocations


You had 12 spell levels left.
You knew the following spells:

 Your Spells              Type           Power      Damage    Failure   Level
m - Mephitic Cloud        Conj/Pois/Air  15%        N/A       28%         3
z - Summon Small Mammal   Summ           24%        N/A       28%         1

Your spell library contained the following spells:

 Spells                   Type           Power      Damage    Failure   Level
 Magic Dart               Conj           60%        1d6       10%         1
 Spider Form              Tmut/Pois      9%         N/A       52%         3
 Ensorcelled Hibernation  Hex/Ice        6%         N/A       54%         2
 Portal Projectile        Hex/Tloc       6%         N/A       77%         3
 Anguish                  Hex/Necr       1%         N/A       99%         4
 Leda's Liquefaction      Hex/Erth       1%         N/A       99%         4
 Blade Hands              Tmut           1%         N/A       100%        5
 Call Imp                 Summ           Unusable   N/A       N/A         2
 Call Canine Familiar     Summ           Unusable   N/A       N/A         3
 Tukima's Dance           Hex            Unusable   N/A       N/A         3

Inventory:

Hand Weapons
 a - a +2 sling
 A - a +2 dagger of venom (weapon)
Missiles
 r - 25 poisoned darts (quivered)
 z - a throwing net {=f}
Armour
 b - a +0 pair of gloves
 d - a +0 leather armour
 f - a +0 helmet
 g - a +1 buckler of poison resistance (worn)
 l - a +2 ring mail of positive energy (worn)
 q - the +6 chain mail of Dice, Bag, and Bottle {rF+ MP+9}
   (You found it on level 3 of the Dungeon)

   rF:        It protects you from fire.
   MP:        It affects your magic capacity (+9).
 t - the +1 pair of boots "Heux Ogoz" (worn) {+Inv rC- Dex-4 Slay+5}
   (You found it on level 3 of the Dungeon)

   Dex:       It affects your dexterity (-4).
   Slay:      It affects your accuracy & damage with ranged weapons and melee
   (+5).
   rC:        It makes you vulnerable to cold.
   +Inv:      It lets you turn invisible.
 u - a +1 pair of gloves (worn)
Magical Staves
 j - a staff of cold
Jewellery
 e - an amulet of the acrobat (around neck)
 C - a ring of ice
 E - a +5 ring of evasion (left hand)
 F - a ring of protection from fire (right hand)
Wands
 w - a wand of roots (3)
 y - a wand of mindburst (14)
Scrolls
 c - 3 scrolls of fog
 h - 4 scrolls of teleportation {@r4}
 i - a scroll of torment {!r}
 n - a scroll of enchant armour
 p - a scroll of blinking
 v - 2 scrolls of enchant weapon
Potions
 k - 3 potions of curing {@q1}
 m - a potion of mutation {unknown}
 s - a potion of lignification {unknown}
 x - a potion of resistance {unknown}

Dungeon Overview and Level Annotations

Branches:
Dungeon (7/15)             Temple (1/1) D:7          Bailey (1/1)

Altars:
Ashenzari
Cheibriados
Kikubaaqudgha
Makhleb
Nemelex Xobeh
Okawaru
Qazlal
Sif Muna
Trog
Uskayaw
Vehumet
Wu Jian
Xom
Yredelemnul

Shops:
D:2 !   D:4 [

Annotations:
D:7 1 transporter, exclusion: statue

▒▒▒▒▒ ......
▒▒▒▒▒
.....)▒▒...▒▒
▒...po).∩..▒
▒▒▒▒▒@....▒
▒~~~)..∩..▒
▒~~~~▒▒...▒▒
.'~~~~~▒▒▒▒▒
.▒~~~~~▒
▒▒~~~▒▒ ▒▒▒▒▒


You could see a human and an orc warrior (extremely poisoned).


Message History

The orc warrior is lightly wounded.
The human closely misses you.
The orc warrior hits you with a +0 hand axe.
* * * LOW HITPOINT WARNING * * *
The human hits you but does no damage.
Unknown command.
You completely miss the orc warrior.
The orc warrior is lightly wounded.
The orc warrior hits you with a +0 hand axe!
* * * LOW HITPOINT WARNING * * *
The human hits you with a +0 war axe!
* * * LOW HITPOINT WARNING * * *
Unknown command.
You hit the orc warrior.
The orc warrior is moderately wounded.
The orc warrior closely misses you. The human completely misses you.
Unknown command.
It was a potion of berserk rage.
A red film seems to cover your vision as you go berserk!
You feel yourself moving faster!
You feel mighty!
You kill the human!
Okawaru accepts your kill. You block the orc warrior's attack.
Your Ranged Weapons skill increases to level 8!
Unknown command.
You hit the orc warrior but do no damage.
The orc warrior looks as sick as possible!
The orc warrior is heavily wounded.
The orc warrior hits you with a +0 hand axe.
You die...

Skill      XL: |  1  2  3  4  5  6  7  8  9 |
---------------+----------------------------+-----
Stealth        | 1 2 3 4 |  4.9
Shields        | 1 2 3 4 |  4.3
Ranged Weapons | 5 6 7 8 |  8.0
Air Magic      | 1 2 3 |  3.6
Poison Magic   | 1 2 3 |  3.7
Conjurations   | 1 2 3 |  3.6
Evocations     | 2 3 |  3.7
Spellcasting   | 3 4 |  4.0
Throwing       | |  1.0
Dodging        | |  1.0
Summonings     | |  1.0

Action                     |  1- 3 |  4- 6 |  7- 9 || total
---------------------------+-------+-------+-------++-------
  Melee: Dagger            |       |       |    15 ||    15
   Fire: Sling             |    64 |   223 |   205 ||   492
  Throw: Dart              |       |       |     7 ||     7
  Evoke: Wand              |       |       |     4 ||     4
    Use: Potion            |       |     3 |     2 ||     5
         Scroll            |       |     3 |     3 ||     6
 Armour: Leather armour    |    16 |       |       ||    16
         Ring mail         |       |    19 |    52 ||    71
  Dodge: Dodged            |    32 |    84 |   120 ||   236
  Block: Buckler           |     2 |    25 |    41 ||    68

Levels and vault maps discovered:
D:1:      lightli_arrival_noodles, layout_rooms
D:2:      layout_basic, serial_shops, nicolae_shop_crystal
D:3:      minmay_skewed_foursquare, layout_loops_corners, lemuel_doored_altar,
          dreamdust_ecumenical_altar_angels_and_demons, chequers_arboretum
D:4:      layout_basic, mainiacjoe_overflow_cross_hatched,
          mainiacjoe_overflow_brackets, kennysheep_little_box, serial_shops,
          nicolae_square_shop, uniq_robin
D:5:      layout_gridville, lemuel_blue_sif_altar, uniq_grinder
D:6:      layout_cave_pools, uniq_menkaure
D:7:      gammafunk_the_bubble [the_bubble_gammafunk_crates], layout_layer_cave,
          grunt_temple_overflow_cloverleaf, old_standard_altar, vehumet_statue,
          minmay_temple_entry_antechambers, enter_bailey_3, uniq_duvessa
Temple:   nicolae_temple_colour_theory
Bailey:   bailey_axe_froggy_fort_hellmonk, bailey

Notes
Turn   | Place    | Note
-------+----------+-------------------------------------------
     0 | D:1      | Jeffwins the Human Wanderer began the quest for the Orb.
     0 | D:1      | Jeffwins set off with the following items: a +2 sling, a +0
                  | pair of gloves, a scroll of fog, a +0 leather armour; and
                  | the following spell memorised: Summon Small Mammal; and the
                  | following spells available to memorise: Call Canine
                  | Familiar.
     0 | D:1      | Reached XP level 1. HP: 13/13 MP: 3/3
    78 | D:1      | Reached XP level 2. HP: 19/19 MP: 5/5
   105 | D:1      | Reached skill level 1 in Stealth
   316 | D:1      | Reached XP level 3. HP: 24/24 MP: 6/6
   491 | D:2      | HP: 2/24 [worm (1)]
   621 | D:2      | Reached XP level 4. HP: 30/30 MP: 7/7
   682 | D:2      | Reached skill level 1 in Shields
   726 | D:2      | Reached skill level 5 in Ranged Weapons
   769 | D:2      | Found Unaasen's Distillery.
   777 | D:2      | Bought a potion of degeneration for 10 gold pieces
   933 | D:2      | Reached skill level 2 in Stealth
  1163 | D:2      | Reached XP level 5. HP: 21/35 MP: 8/8
  1714 | D:3      | Learned a level 3 spell: Mephitic Cloud
  1719 | D:3      | Identified the +6 chain mail of Dice, Bag, and Bottle {rF+
                  | MP+9}
  1725 | D:3      | Identified the +1 pair of boots "Heux Ogoz" {+Inv rC- Dex-4
                  | Slay+5}
  2056 | D:3      | Found a faded altar of an unknown god.
  2367 | D:3      | Found a bloodstained altar of Trog.
  2648 | D:4      | Found a snail-covered altar of Cheibriados.
  2813 | D:4      | Found a stormy altar of Qazlal.
  2835 | D:4      | Reached XP level 6. HP: 41/41 MP: 9/9
  2937 | D:4      | Found Legink's Antique Armour Shop.
  3030 | D:4      | Reached skill level 2 in Shields
  3082 | D:4      | Noticed Robin
  3107 | D:4      | Killed Robin
  3239 | D:4      | Reached skill level 1 in Air Magic
  3239 | D:4      | Reached skill level 1 in Poison Magic
  3358 | D:4      | Found an ornate altar of the Wu Jian Council.
  3810 | D:5      | Entered Level 5 of the Dungeon
  3828 | D:5      | Reached skill level 1 in Conjurations
  3828 | D:5      | Reached XP level 7. HP: 46/46 MP: 10/10
  3839 | D:5      | Reached skill level 6 in Ranged Weapons
  3839 | D:5      | Reached skill level 3 in Stealth
  3855 | D:5      | Noticed a water moccasin
  3861 | D:5      | Killed a water moccasin
  3944 | D:5      | Noticed Grinder
  3959 | D:5      | Paralysed by Grinder for 5 turns
  3966 | D:5      | Killed Grinder
  3967 | D:5      | Reached skill level 2 in Evocations
  3967 | D:5      | Reached XP level 8. HP: 38/52 MP: 10/12
  4142 | D:5      | Found a shimmering blue altar of Sif Muna.
  4192 | D:5      | Reached skill level 3 in Shields
  4192 | D:5      | Reached skill level 2 in Conjurations
  4192 | D:5      | Reached skill level 2 in Air Magic
  4192 | D:5      | Reached skill level 2 in Poison Magic
  4775 | D:6      | Reached skill level 3 in Spellcasting
  4783 | D:6      | Noticed Menkaure
  4886 | D:6      | Reached skill level 7 in Ranged Weapons
  4932 | D:6      | Killed Menkaure
  4933 | D:6      | Reached skill level 4 in Stealth
  4933 | D:6      | Reached XP level 9. HP: 25/57 MP: 12/14
  5367 | D:7      | Found a staircase to the Ecumenical Temple.
  5379 | D:7      | Reached skill level 3 in Evocations
  5386 | Temple   | Entered the Ecumenical Temple
  5464 | Temple   | Became a worshipper of Warmaster Okawaru
  5502 | D:7      | Reached skill level 3 in Air Magic
  5502 | D:7      | Reached skill level 3 in Poison Magic
  5521 | D:7      | Reached skill level 3 in Conjurations
  5545 | D:7      | Noticed a hornet
  5553 | D:7      | Killed a hornet
  5567 | D:7      | Reached * piety under Okawaru
  5568 | D:7      | Reached skill level 4 in Shields
  5599 | D:7      | Found a radiant altar of Vehumet.
  5630 | D:7      | Noticed a cyclops
  5632 | D:7      | Found a transporter.
  5662 | D:7      | Found a flagged portal.
  5673 | Bailey   | Entered a bailey
  5715 | Bailey   | Reached skill level 4 in Spellcasting
  5719 | Bailey   | HP: 1/57 [human/+0 war axe (7)]
  5722 | Bailey   | Reached skill level 8 in Ranged Weapons
  5722 | Bailey   | Slain by an orc warrior

Vanquished Creatures
  A hornet (D:7)
  Grinder (D:5)
  3 humans (Bailey)
  Menkaure (D:6)
  A water moccasin (D:5)
  An orc warrior (Bailey)
  3 ice beasts
  A sky beast (D:6)
  An ogre (D:6)
  4 phantoms
  4 bullfrogs
  A kobold brigand (D:7)
  A necrophage (D:5)
  A scorpion (D:5)
  A howler monkey (D:6)
  2 hounds
  2 orc priests
  An orc wizard (D:5)
  Robin (D:4)
  10 adders
  2 shadow imps
  2 dart slugs (D:1)
  3 worms
  10 orcs
  2 bats
  8 endoplasms
  2 giant cockroaches
  6 hobgoblins
  10 jackals
  2 quokkas (D:5)
  5 ball pythons
  2 frilled lizards
  25 goblins
  16 kobolds
  2 rats
138 creatures vanquished.

Table legend: (Time is in decaauts)
 A = Elapsed time spent in this place.
 B = Non-inter-level travel time spent in this place.
 C = Inter-level travel time spent in this place.
 D = Time resting spent in this place.
 E = Time spent auto-exploring this place.
 F = Levels seen in this place.
 G = Mean time per level.
                   A        B        C        D        E       F      G
               +--------+--------+--------+--------+--------+-----+--------+
         Total |   5828 |   5635 |    193 |    221 |   4157 |   9 |  647.6 |
       Dungeon |   5683 |   5512 |    171 |    221 |   4091 |   7 |  811.9 |
        Temple |     92 |     70 |     22 |      0 |     64 |   1 |   92.0 |
        Bailey |     52 |     52 |      0 |      0 |      2 |   1 |   52.0 |
               +--------+--------+--------+--------+--------+-----+--------+

Top non-repeatable levels by time:
     D:4: 1203 daAuts
     D:5: 1140 daAuts
     D:3: 1091 daAuts
     D:2: 1017 daAuts
     D:1: 556 daAuts
     D:6: 431 daAuts
     D:7: 243 daAuts
  Temple: 92 daAuts
  Bailey: 52 daAuts

Table legend:
 A = Non-vault XP
 B = Vault XP
 C = Vault XP percentage of total XP
 D = Non-vault monster count
 E = Vault monster count
 F = Vault count percentage of total count
                 A         B        C        D         E       F
            +---------+---------+-------+---------+---------+-------
      Total |    2490 |    1397 |  35.9 |     106 |      32 |  23.2
            +---------+---------+-------+---------+---------+-------
        D:1 |      38 |       0 |   0.0 |      20 |       0 |   0.0
        D:2 |     120 |       0 |   0.0 |      20 |       0 |   0.0
        D:3 |      76 |      14 |  15.6 |      14 |       8 |  36.4
        D:4 |     208 |      35 |  14.4 |      19 |      11 |  36.7
        D:5 |     594 |     249 |  29.5 |      14 |       1 |   6.7
        D:6 |     652 |     175 |  21.2 |       6 |       1 |  14.3
        D:7 |     802 |       8 |   1.0 |      13 |       4 |  23.5
     Bailey |       0 |     916 | 100.0 |       0 |       7 | 100.0
            +---------+---------+-------+---------+---------+-------
